 Dungeon Crawl Stone Soup version 0.24.0-13-gcf9b3192b9 (webtiles) character file.

Game seed: 976439189050447707, levelgen mode: deterministic

284370 Thantalas the Blocker (level 20, -7/160 HPs)
             Began as a Gnoll Fighter on Nov 6, 2019.
             Was the Champion of Cheibriados.
             Mangled by an eldritch tentacle (27 damage)
             ... called by Nornya's ghost
             ... on level 2 of the Vaults.
             The game lasted 02:22:46 (35407 turns).

Thantalas the Blocker (Gnoll Fighter)              Turns: 35407, Time: 02:22:46

Health: -7/160     AC: 20    Str: 53    XL:     20   Next: 58%
Magic:  32/41      EV: 29    Int: 30    God:    Cheibriados [******]
Gold:   2586       SH: 22    Dex: 34    Spells: 15/45 levels left

rFire    + . .     SeeInvis .   a - +6 trident (vamp) {!w}
rCold    + + .     Gourm    .   F - +1 shield
rNeg     . . .     Faith    .   r - +3 leather armour "Paskeblu" {rC+ Regen+ Str+4 Stlth+}
rPois    .         Spirit   .   E - +2 helmet {Int+3}
rElec    .         Reflect  +   m - scarf {rC+ rF+}
rCorr    .         Harm     .   P - +2 pair of gloves {Dex+3}
MR       +....                  h - +2 pair of boots {Stlth+}
Stlth    ++++++++..             I - +2 amulet of reflection
HPRegen  1.16/turn              e - +4 ring of slaying
MPRegen  0.27/turn              D - +4 ring of strength

@: mighty, very slightly contaminated, very slow
A: distributed training, fangs 1, iridescent scales 1, high mp 1, regeneration
1, strong nose
}: 2/15 runes: barnacled, gossamer
a: Bend Time, Temporal Distortion, Slouch, Step From Time, Renounce Religion


You were on level 2 of the Vaults.
You worshipped Cheibriados.
Cheibriados was exalted by your worship.
You were not hungry.

You visited 8 branches of the dungeon, and saw 36 of its levels.
You visited the Abyss 1 time.

You collected 3890 gold pieces.
You spent 1304 gold pieces at shops.

Inventory:

Hand Weapons
 a - a +6 vampiric trident (weapon) {!w}
   (You subdued it on level 2 of the Elven Halls)
 b - the +3 dagger of the Dragonfly {pierce, rElec rF+ rN+ Str-2}
   (You found it on level 7 of the Dungeon)

   It inflicts extra damage upon your enemies.
   It affects your strength (-2).
   It protects you from fire.
   It insulates you from electricity.
   It protects you from negative energy.
Missiles
 q - 7 throwing nets {!f}
 B - 45 silver javelins (quivered)
Armour
 h - a +2 pair of boots of stealth (worn)
   (You bought it in a shop on level 2 of the Orcish Mines)
 l - the +1 helmet of Hairiness {rPois}
   (You found it on level 1 of the Vaults)

   It protects you from poison.
 m - a scarf of resistance (worn)
   (You found it on level 15 of the Dungeon)
 r - the +3 leather armour "Paskeblu" (worn) {rC+ Regen+ Str+4 Stlth+}
   (You found it on level 15 of the Dungeon)

   It affects your strength (+4).
   It protects you from cold.
   It increases your rate of regeneration.
   It makes you more stealthy.
 E - a +2 helmet of intelligence (worn)
   (You bought it in a shop on level 1 of the Orcish Mines)
 F - a +1 shield (worn)
 P - a +2 pair of gloves of dexterity (worn)
   (You found it on level 4 of the Shoals)
Jewellery
 e - a +4 ring of slaying (left hand)
   (You found it on level 1 of the Lair of Beasts)
 z - an uncursed ring of see invisible
   (You found it on level 3 of the Shoals)
 D - a +4 ring of strength (right hand)
   (You found it on level 7 of the Dungeon)
 I - a +2 amulet of reflection (around neck)
   (You bought it in a shop on level 3 of the Shoals)
 S - an uncursed ring of poison resistance
   (You found it on level 6 of the Lair of Beasts)
Wands
 c - a wand of disintegration (19)
   (You found it on level 3 of the Shoals)
 d - a wand of iceblast (32)
   (You found it on level 13 of the Dungeon)
 j - a wand of clouds (6)
   (You found it on level 1 of the Spider Nest)
 t - a wand of flame (57)
   (You found it on level 4 of the Lair of Beasts)
 u - a wand of paralysis (4)
   (You found it on level 13 of the Dungeon)
 v - a wand of digging (6)
   (You found it on level 6 of the Dungeon)
 x - a wand of acid (7)
   (You found it on level 4 of the Spider Nest)
Scrolls
 i - 3 scrolls of blinking
 p - 4 scrolls of magic mapping
 s - 7 scrolls of amnesia
 y - a scroll of fear
 A - 13 scrolls of teleportation {@r4}
 G - 6 scrolls of fog
 N - 4 scrolls of enchant armour
 O - 12 scrolls of remove curse {@r2}
 T - 5 scrolls of identify {@r1}
Potions
 g - 2 potions of brilliance
 k - 3 potions of magic
 o - a potion of mutation {!q}
 H - 10 potions of flight
 J - 2 potions of might
 L - 8 potions of curing {@q1}
 M - 2 potions of ambrosia
 Q - 2 potions of cancellation
Miscellaneous
 n - a lightning rod (4/4) {!a}
   (You found it on level 2 of the Lair of Beasts)
Comestibles
 f - 60 rations {!d}
 C - 34 chunks of flesh


   Skills:
 + Level 14.5 Fighting
 + Level 13.3 Short Blades
 + Level 13.3 Long Blades
 + Level 13.3 Axes
 + Level 13.3 Maces & Flails
 + Level 13.9 Polearms
 + Level 13.3 Staves
 + Level 13.3 Slings
 + Level 13.3 Bows
 + Level 13.3 Crossbows
 + Level 13.3 Throwing
 + Level 14.5 Armour
 + Level 13.3 Dodging
 + Level 13.3 Stealth
 + Level 14.5 Shields
 + Level 13.3 Unarmed Combat
 + Level 13.3 Spellcasting
 + Level 11.4 Conjurations
 + Level 11.4 Hexes
 + Level 11.4 Charms
 + Level 11.4 Summonings
 + Level 11.4 Necromancy
 + Level 11.4 Translocations
 + Level 11.4 Transmutations
 + Level 11.4 Fire Magic
 + Level 11.4 Ice Magic
 + Level 11.4 Air Magic
 + Level 11.4 Earth Magic
 + Level 11.4 Poison Magic
 + Level 14.3 Invocations
 + Level 13.3 Evocations


You had 15 spell levels left.
You knew the following spells:

 Your Spells              Type           Power        Failure   Level  Hunger
g - Apportation           Tloc           ######       1%          1    None
r - Deflect Missiles      Chrm/Air       ######....   3%          6    ####...
u - Animate Skeleton      Necr           N/A          1%          1    None
w - Summon Mana Viper     Hex/Summ       ######..     1%          5    #......
A - Summon Lightning Spi  Summ/Air       ######..     1%          4    None
B - Summon Forest         Summ/Tloc      ######....   1%          5    #......
C - Fireball              Conj/Fire      ######....   1%          5    #......
K - Conjure Flame         Conj/Fire      ######..     1%          3    None

Your spell library contained the following spells:

 Spells                   Type           Power        Failure   Level  Hunger
 Beastly Appendage        Tmut           ######       1%          1    None
 Confusing Touch          Hex            ######       1%          1    None
 Corona                   Hex            ######.      1%          1    None
 Flame Tongue             Conj/Fire      #####        1%          1    None
 Shock                    Conj/Air       ####         1%          1    None
 Summon Butterflies       Summ           ######..     1%          1    None
 Summon Small Mammal      Summ           ####         1%          1    None
 Call Imp                 Summ           ######..     1%          2    None
 Corpse Rot               Necr           N/A          1%          2    None
 Ensorcelled Hibernation  Hex/Ice        ######       1%          2    None
 Sticks to Snakes         Tmut           ######..     1%          2    None
 Swiftness                Chrm/Air       ######..     1%          2    None
 Throw Flame              Conj/Fire      ######       1%          2    None
 Call Canine Familiar     Summ           ######..     1%          3    None
 Confuse                  Hex            ######..     1%          3    None
 Dazzling Spray           Conj/Hex       ######       1%          3    None
 Inner Flame              Hex/Fire       ######..     1%          3    None
 Spider Form              Tmut/Pois      ######....   1%          3    None
 Static Discharge         Conj/Air       ######..     1%          3    None
 Stone Arrow              Conj/Erth      ######       1%          3    None
 Summon Guardian Golem    Hex/Summ       ######..     1%          3    None
 Tukima's Dance           Hex            ######..     1%          3    None
 Airstrike                Air            ######....   1%          4    None
 Cause Fear               Hex            ######....   1%          4    None
 Ice Form                 Ice/Tmut       ######..     1%          4    None
 Leda's Liquefaction      Hex/Erth       ######....   1%          4    None
 Sticky Flame             Conj/Fire      ######..     1%          4    None
 Summon Ice Beast         Ice/Summ       ######..     1%          4    None
 Blade Hands              Tmut           ######....   1%          5    #......
 Lightning Bolt           Conj/Air       ######....   1%          5    #......
 Silence                  Hex/Air        ######....   1%          5    #......
 Yara's Violent Unravell  Hex/Tmut       ######....   1%          5    #......
 Hydra Form               Tmut           ######....   3%          6    ####...
 Summon Hydra             Summ           ######....   22%         7    ######.
 Discord                  Hex            ######....   86%         8    #######


Dungeon Overview and Level Annotations

Branches:
Dungeon (15/15)            Temple (1/1) D:7            Lair (6/6) D:11
 Shoals (4/4) Lair:4       Spider (4/4) Lair:2          Orc (2/2) D:11
    Elf (2/3) Orc:2        Vaults (2/5) D:13         Depths (0/5) D:15
  Slime: Lair:5-6     Crypt: Vaults:2-3

Altars:
Ashenzari
Cheibriados
Dithmenos
Elyvilon
Fedhas
Gozag
Hepliaklqana
Kikubaaqudgha
Makhleb
Nemelex Xobeh
Okawaru
Qazlal
Ru
Sif Muna
Trog
Uskayaw
Vehumet
Wu Jian
Xom
Yredelemnul
Zin
The Shining One

Shops:
D:5 *   D:11 :   Orc:1 [%?**   Orc:2 [(*:   Elf:1 *   Elf:2 [   Shoals:3 *
Shoals:4 =

Annotations:
Lair:5 exclusion: 4 oklob plants
Orc:2 exclusion: oklob plant
Vaults:2 Nornya's ghost, veteran MfSu


Innate Abilities, Weirdness & Mutations

Your experience applies equally to all skills.
You have very sharp teeth.
Your uncanny sense of smell can sniff out nearby items.
You are partially covered in iridescent scales. (AC +2)
You have an increased reservoir of magic. (+10% MP)
Your natural rate of healing is unusually fast.


Message History

The quicksilver dragon breathes dispelling energy at you.
The bolt of dispelling energy misses you.
The eldritch tentacle misses you.
You block the eldritch tentacle's attack.
The storm dragon breathes lightning at you.
The bolt of lightning misses you.
Your unstable footing causes you to fumble your attack.
You block the quicksilver dragon's attack. x2
The eldritch tentacle slaps you! The eldritch tentacle shocks you!
* * * LOW HITPOINT WARNING * * *
You block the eldritch tentacle's attack.
Nornya's ghost mumbles some strange words.
A dragon appears.
Your unstable footing causes you to fumble your attack.
You block the storm dragon's attack. The storm dragon closely misses you. x2
The quicksilver dragon bites you but does no damage.
The quicksilver dragon completely misses you.
Your unstable footing causes you to fumble your attack.
You block the eldritch tentacle's attack. x2
The quicksilver dragon misses you. The quicksilver dragon claws you.
* * * LOW HITPOINT WARNING * * *
The iron dragon breathes metal splinters at you.
The spray of metal splinters misses you.
You miss Nornya's ghost. Your bite misses Nornya's ghost.
You block the eldritch tentacle's attack.
The eldritch tentacle completely misses you.
The quicksilver dragon breathes dispelling energy at you.
The bolt of dispelling energy misses you.
You impale Nornya's ghost!!
You block the eldritch tentacle's attack. x2
You block the quicksilver dragon's attack. x2
You completely miss Nornya's ghost. Your bite misses Nornya's ghost.
You block the iron dragon's attack. The iron dragon barely misses you.
The iron dragon tramples you!!
* * * LOW HITPOINT WARNING * * *
You stumble backwards!
The quicksilver dragon misses you.
The quicksilver dragon closely misses you.
The eldritch tentacle closely misses you. x2
You barely miss the quicksilver dragon.
You block the quicksilver dragon's attack. x2
Unknown command.
You puncture the iron dragon!
The storm dragon breathes lightning at you.
The bolt of lightning hits the eldritch tentacle.
The eldritch tentacle completely resists.
The bolt of lightning hits you!!!
* * * LOW HITPOINT WARNING * * *
You block the eldritch tentacle's attack.
The eldritch tentacle claws you!!
You die...

########.(#N.)).c...#
#......#..♣♣♣o#####♣♣
#......#.....o......♣
#......#♣.♣..*.......
#......#...≈/........
#......'...│cN.......
#......♣.≈≈│D.♣......
#......#.)≈≈wD.......
########♣...@DW.♣....
..........♣..........
.........(......♣.♣..
#####################


You could see an eldritch tentacle, an iron dragon, a storm dragon, a naga
warrior, a quicksilver dragon, a yaktaur, an orc warrior, Nornya's ghost and an
orc.

Vanquished Creatures
  Bai Suzhen (Shoals:3)
  Arachne (Spider:4)
  Frances (D:12)
  Kirke (Shoals:4)
  A frost giant (Vaults:1)
  A fire giant (Vaults:2)
  7 ghost moths
  5 orc warlords
  2 vault wardens
  6 emperor scorpions
  3 ironheart preservers
  2 stone giants (Vaults:2)
  6 entropy weavers
  Nessos (Orc:2)
  A minotaur (Vaults:2)
  A spark wasp (Spider:2)
  The ghost of RandomHacker the Fighter, a journeyman GnWn of Ashenzari (Lair:2)
  6 merfolk javelineers
  3 deep elf death magi
  Snorg (D:12)
  A fire dragon (D:15)
  4 merfolk impalers
  A deep elf high priest (Elf:2)
  An ice dragon (Vaults:1)
  2 vault guards (D:13)
  2 yaktaur captains (Vaults:1)
  A naga warrior (Vaults:2)
  3 hydras
  An alligator snapping turtle (Shoals:4)
  2 centaur warriors
  2 satyrs
  9 two-headed ogres
  16 dancing weapons
  3 merfolk avatars
  3 merfolk aquamancers (Shoals:4)
  3 death yaks (Lair:5)
  2 ogre magi
  A tengu warrior (D:15)
  A queen ant (D:13)
  An orc high priest (Orc:2)
  3 thrashing horrors (Abyss:3)
  Sonja (D:10)
  16 deep elf knights
  A large abomination (Elf:2)
  A fire crab (Lair:5)
  A spectral death yak (Lair:2)
  7 sea snakes
  A skeletal warrior (D:12)
  A spatial maelstrom (Abyss:3)
  A tengu zombie (Vaults:1)
  A wizard (Vaults:1)
  5 unseen horrors
  A spectral hydra (Lair:2)
  13 deep elf archers
  8 orc knights
  14 ugly things
  Pikel (D:7)
  2 necromancers
  An ironbrand convoker (Vaults:1)
  46 deep elf magi
  9 harpies
  A phantasmal warrior (D:12)
  A fire giant zombie (Vaults:2)
  3 oklob plants (Lair:1)
  9 orb spiders
  6 orc sorcerers
  16 fauns
  22 wolf spiders
  6 cyclopes
  9 manticores
  A frost giant skeleton (Vaults:1)
  3 centaur zombies
  6 water nymphs
  13 elephants
  3 moths of wrath
  Maurice (D:10)
  4 vault sentinels (Vaults:1)
  4 merfolk sirens
  6 black mambas
  3 torpor snails
  19 spiny frogs
  A gargoyle (D:13)
  A kobold demonologist (D:13)
  11 yaktaurs
  2 rime drakes (Lair:2)
  8 komodo dragons
  18 demonic crawlers
  2 freezing wraiths
  An ancient zyme (Abyss:3)
  A polar bear (Lair:3)
  2 queen bees
  15 merfolk
  4 wind drakes
  23 jumping spiders
  8 trolls
  2 human skeletons (Vaults:1)
  4 meliai
  A queen bee (shapeshifter) (D:15)
  4 tyrant leeches (Lair:6)
  9 hornets
  6 snapping turtles
  9 hippogriffs
  13 blink frogs
  4 slime creatures
  A human simulacrum (Vaults:1)
  15 dream sheep
  A spectral black mamba (Lair:2)
  7 air elementals
  48 redbacks
  A ynoxinul (Abyss:3)
  A shadow (D:15)
  26 tarantellas
  5 wraiths
  A vampire (D:13)
  A spriggan (D:7)
  7 water elementals
  32 yaks
  4 wyverns
  4 fire elementals
  A hog (Shoals:4)
  3 humans (D:13)
  A human (shapeshifter) (Vaults:1)
  13 vampire mosquitoes
  4 neqoxecs (Abyss:3)
  A steam dragon (Lair:2)
  4 basilisks
  4 hungry ghosts
  12 wargs
  19 water moccasins
  An acid dragon (D:15)
  A small abomination (Abyss:3)
  A hydra simulacrum (Lair:2)
  4 soldier ants
  11 porcupines
  Duvessa (D:5)
  34 orc warriors
  A slave (D:7)
  8 ice beasts
  18 ogres
  7 sky beasts
  2 black bears
  A necrophage (D:11)
  A spectral torpor snail (Lair:2)
  A hornet zombie (D:10)
  A phantom (D:8)
  16 wolves
  17 centaurs
  22 crocodiles
  3 big kobolds
  4 human zombies
  31 bullfrogs
  A wyvern zombie (D:12)
  2 earth elementals
  Dowan (D:5)
  7 scorpions
  43 killer bees
  3 wights (D:10)
  An electric eel (Lair:6)
  5 howler monkeys
  6 crimson imps
  A bullfrog skeleton (D:12)
  A wyvern simulacrum (D:14)
  2 bullfrog zombies
  8 hounds
  5 jellies
  4 centaur skeletons
  15 orc priests
  3 iguanas
  24 orc wizards
  Jessica (D:3)
  18 worker ants
  A killer bee zombie (D:10)
  2 hound skeletons (D:4)
  A howler monkey zombie (D:11)
  3 worker ant zombies
  15 gnolls
  11 adders
  A river rat (Lair:2)
  6 shadow imps
  An ooze (D:4)
  An adder skeleton (D:4)
  A worm (Lair:2)
  3 dart slugs
  7 leopard geckos
  88 orcs
  5 bats
  6 giant cockroaches
  2 gnoll zombies (D:4)
  3 goblins
  8 hobgoblins
  11 jackals
  3 quokkas
  2 ball pythons
  2 frilled lizards
  9 kobolds
  A leopard gecko skeleton (D:8)
  6 rats
  6 fungi
  3 plants
  A snaplasher vine (Shoals:4)
  4 tentacles (Shoals:3)
1295 creatures vanquished.

Vanquished Creatures (collateral kills)
  2 krakens
  2 ghost moths
  Ilsuiw (Shoals:4)
  A yaktaur captain (Vaults:1)
  A fire dragon (D:15)
  2 ogre magi
  2 vault guards (D:13)
  A merfolk aquamancer (Shoals:4)
  2 satyrs
  5 dancing weapons
  2 two-headed ogres (Vaults:2)
  An orc high priest (Orc:2)
  5 deep elf knights
  An unseen horror (Vaults:1)
  12 deep elf archers
  A necromancer (Vaults:1)
  15 orb spiders
  2 orc knights (Orc:2)
  4 wolf spiders
  5 ugly things
  16 deep elf magi
  2 cyclopes
  8 fauns
  2 orc sorcerers (Orc:2)
  2 manticores (Shoals:4)
  5 yaktaurs (Vaults:1)
  2 meliai (D:13)
  A tengu simulacrum (Vaults:1)
  11 jumping spiders
  4 merfolk
  3 slime creatures (D:14)
  8 hornets
  A snapping turtle (Shoals:2)
  2 dream sheep (Shoals:4)
  6 tarantellas
  18 redbacks
  5 humans (D:13)
  A water elemental (Elf:1)
  2 hogs (Shoals:4)
  A warg (Orc:2)
  6 soldier ants (D:13)
  7 orc warriors (Orc:2)
  3 ice beasts (D:14)
  An orc zombie (Vaults:1)
  5 ogres
  A centaur (D:13)
  3 earth elementals
  14 killer bees (D:13)
  A howler monkey (D:13)
  7 orc wizards
  7 orc priests (Orc:2)
  9 worker ants (D:13)
  24 orcs (Orc:2)
  4 fungi (Orc:2)
  40 plants
  2 tentacles (Shoals:4)
301 creatures vanquished.

Vanquished Creatures (others)
  A ghost moth (Spider:3)
  An entropy weaver (Spider:2)
  A centaur warrior (Vaults:2)
  A dancing weapon (Elf:1)
  3 deep elf knights
  2 deep elf archers
  An orb spider (Spider:2)
  A deep elf mage (Elf:2)
  2 fauns (Shoals:4)
  A cyclops (Vaults:1)
  A yaktaur (Vaults:1)
  A jumping spider (Spider:2)
  A redback (Spider:2)
  2 humans (Shoals:4)
  2 centaurs (Vaults:2)
  An adder skeleton (D:8)
  A crawling corpse (Elf:2)
  26 fungi
  53 plants
  19 snaplasher vines
  11 tentacles
  4 toadstools (D:1)
136 creatures vanquished.

Grand Total: 1732 creatures vanquished

Notes
Turn   | Place    | Note
-------+----------+-------------------------------------------
     0 | D:1      | Thantalas the Gnoll Fighter began the quest for the Orb.
     0 | D:1      | Reached XP level 1. HP: 23/23 MP: 1/1
    20 | D:1      | Reached XP level 2. HP: 23/29 MP: 2/2
   460 | D:2      | Reached XP level 3. HP: 29/35 MP: 3/3
   576 | D:2      | Reached skill level 1 in Invocations
   856 | D:3      | Reached skill level 1 in Short Blades
   856 | D:3      | Reached skill level 1 in Long Blades
   856 | D:3      | Reached skill level 1 in Axes
   856 | D:3      | Reached skill level 1 in Maces & Flails
   856 | D:3      | Reached skill level 1 in Staves
   856 | D:3      | Reached skill level 1 in Slings
   856 | D:3      | Reached skill level 1 in Bows
   856 | D:3      | Reached skill level 1 in Crossbows
   856 | D:3      | Reached skill level 1 in Throwing
   856 | D:3      | Reached skill level 1 in Dodging
   856 | D:3      | Reached skill level 1 in Stealth
   856 | D:3      | Reached skill level 1 in Unarmed Combat
   856 | D:3      | Reached skill level 1 in Spellcasting
   856 | D:3      | Reached skill level 1 in Evocations
   856 | D:3      | Reached XP level 4. HP: 40/41 MP: 5/5
  1028 | D:3      | Noticed Jessica
  1037 | D:3      | Killed Jessica
  1037 | D:3      | Reached skill level 1 in Conjurations
  1037 | D:3      | Reached skill level 1 in Hexes
  1037 | D:3      | Reached skill level 1 in Charms
  1037 | D:3      | Reached skill level 1 in Summonings
  1037 | D:3      | Reached skill level 1 in Necromancy
  1037 | D:3      | Reached skill level 1 in Translocations
  1037 | D:3      | Reached skill level 1 in Transmutations
  1037 | D:3      | Reached skill level 1 in Fire Magic
  1037 | D:3      | Reached skill level 1 in Ice Magic
  1037 | D:3      | Reached skill level 1 in Air Magic
  1037 | D:3      | Reached skill level 1 in Earth Magic
  1037 | D:3      | Reached skill level 1 in Poison Magic
  1042 | D:3      | Reached XP level 5. HP: 47/47 MP: 7/7
  1070 | D:3      | Found a hide-covered altar of Uskayaw.
  1074 | D:3      | Noticed a +0 hand axe
  1074 | D:3      | Noticed a +0 hand axe
  1734 | D:4      | Reached XP level 6. HP: 48/53 MP: 8/8
  1786 | D:4      | Reached skill level 5 in Polearms
  2032 | D:4      | Reached XP level 7. HP: 43/59 MP: 10/10
  2162 | D:4      | Found a sparkling altar of Nemelex Xobeh.
  2365 | D:4      | Found a basalt altar of Yredelemnul.
  2478 | D:5      | Entered Level 5 of the Dungeon
  2484 | D:5      | Found a hazy altar of Hepliaklqana.
  2662 | D:5      | Noticed Duvessa
  2664 | D:5      | Noticed Dowan
  2741 | D:5      | Killed Duvessa
  2788 | D:5      | Killed Dowan
  2788 | D:5      | Reached XP level 8. HP: 65/67 MP: 12/12
  3327 | D:5      | Found Huthrual's General Store.
  3335 | D:5      | Bought 2 potions of heal wounds for 140 gold pieces
  3335 | D:5      | Bought a scroll of identify for 28 gold pieces
  3955 | D:6      | Found a shadowy altar of Dithmenos.
  4224 | D:6      | Found a blossoming altar of Fedhas.
  4235 | D:6      | Reached XP level 9. HP: 69/72 MP: 14/14
  5310 | D:7      | Found a staircase to the Ecumenical Temple.
  5332 | Temple   | Entered the Ecumenical Temple
  5396 | Temple   | Became a worshipper of Cheibriados the Contemplative
  6021 | D:7      | Got a fine dagger
  6084 | D:7      | Identified the +3 dagger of the Dragonfly {pierce, rElec
                  | rF+ rN+ Str-2} (You found it on level 7 of the Dungeon)
  6274 | D:8      | Found an ornate altar of the Wu Jian Council.
  6283 | D:8      | Noticed Pikel
  6347 | D:7      | Killed Pikel
  6347 | D:7      | Reached * piety under Cheibriados
  6347 | D:7      | Reached skill level 5 in Invocations
  6347 | D:7      | Reached XP level 10. HP: 51/80 MP: 15/17
  6968 | D:8      | Reached skill level 5 in Short Blades
  6968 | D:8      | Reached skill level 5 in Long Blades
  6968 | D:8      | Reached skill level 5 in Axes
  6968 | D:8      | Reached skill level 5 in Maces & Flails
  6968 | D:8      | Reached skill level 5 in Staves
  6968 | D:8      | Reached skill level 5 in Slings
  6968 | D:8      | Reached skill level 5 in Bows
  6968 | D:8      | Reached skill level 5 in Crossbows
  6968 | D:8      | Reached skill level 5 in Throwing
  6968 | D:8      | Reached skill level 5 in Dodging
  6968 | D:8      | Reached skill level 5 in Stealth
  6968 | D:8      | Reached skill level 5 in Unarmed Combat
  6968 | D:8      | Reached skill level 5 in Spellcasting
  6968 | D:8      | Reached skill level 5 in Evocations
  7204 | D:8      | Found a shimmering blue altar of Sif Muna.
  7464 | D:9      | Reached ** piety under Cheibriados
  7500 | D:9      | Paralysed by a hornet for 2 turns
  8566 | D:9      | Found a sacrificial altar of Ru.
  8588 | D:10     | Entered Level 10 of the Dungeon
  8623 | D:10     | Reached XP level 11. HP: 79/87 MP: 19/19
  8632 | D:10     | Reached *** piety under Cheibriados
  8663 | D:10     | Noticed Sonja
  8694 | D:10     | Killed Sonja
  8696 | D:10     | Gained mutation: You have an increased reservoir of magic.
                  | (+10% MP) [potion of mutation]
  8696 | D:10     | Gained mutation: You expend magic power (3 MP) to
                  | strengthen your wands. [potion of mutation]
  8697 | D:10     | Lost mutation: You expend magic power (3 MP) to strengthen
                  | your wands. [potion of mutation]
  8697 | D:10     | Gained mutation: Your natural rate of healing is unusually
                  | fast. [potion of mutation]
  8697 | D:10     | Gained mutation: You are partially covered in iridescent
                  | scales. (AC +2) [potion of mutation]
  9155 | D:10     | Noticed a two-headed ogre
  9169 | D:10     | Killed a two-headed ogre
  9169 | D:10     | Reached skill level 5 in Conjurations
  9169 | D:10     | Reached skill level 5 in Hexes
  9169 | D:10     | Reached skill level 5 in Charms
  9169 | D:10     | Reached skill level 5 in Summonings
  9169 | D:10     | Reached skill level 5 in Necromancy
  9169 | D:10     | Reached skill level 5 in Translocations
  9169 | D:10     | Reached skill level 5 in Transmutations
  9169 | D:10     | Reached skill level 5 in Fire Magic
  9169 | D:10     | Reached skill level 5 in Ice Magic
  9169 | D:10     | Reached skill level 5 in Air Magic
  9169 | D:10     | Reached skill level 5 in Earth Magic
  9169 | D:10     | Reached skill level 5 in Poison Magic
  9582 | D:10     | You fall into a shaft and drop 1 floor!
  9582 | D:11     | Found Rinuc's Book Emporium.
  9856 | D:11     | Reached **** piety under Cheibriados
  9926 | D:11     | Found a staircase to the Lair.
  9943 | D:11     | Noticed Maurice
 10050 | D:10     | Killed Maurice
 10267 | D:11     | Found a staircase to the Orcish Mines.
 10627 | D:11     | Learned a level 3 spell: Conjure Flame
 10661 | Lair:1   | Entered Level 1 of the Lair of Beasts
 10805 | Lair:1   | Reached XP level 12. HP: 96/96 MP: 24/24
 10833 | Lair:1   | Reached ***** piety under Cheibriados
 11246 | Lair:1   | Got an ichor-stained cloak
 11257 | Lair:1   | Identified the cursed +0 cloak of Fashionability {MR+} (You
                  | found it on level 1 of the Lair of Beasts)
 11876 | Lair:2   | Found a hole to the Spider Nest.
 11929 | Lair:2   | Found a runed translucent gate.
 11929 | Lair:2   | Found a runed translucent gate.
 11930 | Lair:2   | Found a runed translucent gate.
 11934 | Lair:2   | Noticed RandomHacker's ghost (journeyman GnWn)
 12021 | Lair:2   | Identified a scroll of acquirement
 12022 | Lair:2   | Got a scintillating zirconium amulet
 12023 | Lair:2   | Identified the amulet of Raet {Harm *Drain +Blink Str+3}
                  | (You acquired it on level 2 of the Lair of Beasts)
 12134 | Lair:2   | Reached ****** piety under Cheibriados
 12249 | Lair:2   | Reached skill level 10 in Fighting
 12249 | Lair:2   | Reached skill level 10 in Armour
 12249 | Lair:2   | Reached skill level 10 in Shields
 12554 | Lair:2   | Reached XP level 13. HP: 100/103 MP: 27/27
 12859 | Lair:2   | Killed RandomHacker's ghost
 13753 | Lair:4   | Found a staircase to the Shoals.
 13817 | Lair:4   | Got a wizard robe
 14025 | Lair:4   | Identified the +1 robe of Casaghu {*Drain rN+ MR+ Slay+3}
                  | (You found it on level 4 of the Lair of Beasts)
 15412 | D:11     | Bought a book of Cantrips for 340 gold pieces
 15414 | D:11     | Learned a level 1 spell: Animate Skeleton
 15416 | D:11     | Learned a level 1 spell: Apportation
 15587 | Lair:6   | Entered Level 6 of the Lair of Beasts
 15739 | Lair:6   | Reached XP level 14. HP: 111/111 MP: 27/29
 15961 | Lair:6   | Reached skill level 10 in Polearms
 16358 | Lair:6   | Reached skill level 10 in Invocations
 16515 | Lair:6   | Learned a level 5 spell: Summon Forest
 17397 | D:12     | Noticed Snorg
 17465 | D:12     | Killed Snorg
 17473 | D:12     | Noticed Frances
 17491 | D:12     | Killed Frances
 18177 | Orc:1    | Entered Level 1 of the Orcish Mines
 18181 | Orc:1    | Found Ilaan's Food Emporium.
 18401 | Orc:1    | Found Buitrett's General Store.
 18406 | Orc:1    | Bought a scroll of identify for 30 gold pieces
 18406 | Orc:1    | Bought a scroll of identify for 30 gold pieces
 18415 | Orc:1    | Found Refijoq's Magic Scroll Emporium.
 18425 | Orc:1    | Found Ritsul's Antique Armour Shop.
 18426 | Orc:1    | Bought a scroll of remove curse for 39 gold pieces
 18426 | Orc:1    | Bought a scroll of identify for 26 gold pieces
 18426 | Orc:1    | Bought a scroll of blinking for 97 gold pieces
 18449 | Orc:1    | Noticed an orc warlord
 18451 | Orc:1    | Reached XP level 15. HP: 119/119 MP: 27/31
 18472 | Orc:1    | Killed an orc warlord
 18560 | Orc:1    | Bought a runed helmet for 142 gold pieces
 18709 | Orc:1    | Found Jaagoac's General Store.
 18734 | Orc:2    | Entered Level 2 of the Orcish Mines
 18734 | Orc:2    | Noticed Nessos
 18736 | Orc:2    | Noticed an orc warlord
 18740 | Orc:2    | Killed Nessos
 18757 | Orc:2    | Killed an orc warlord
 18806 | Orc:2    | Noticed an orc warlord
 18842 | Orc:2    | Killed an orc warlord
 19140 | Orc:2    | Found Zory's Antique Armour Boutique.
 19161 | Orc:2    | Bought a pair of glowing boots for 262 gold pieces
 19181 | Orc:2    | Found Nonu Zir's Antique Weapon Shoppe.
 19220 | Orc:2    | Found Lanumir's General Store.
 19220 | Orc:2    | Noticed an orc warlord
 19231 | Orc:2    | Killed an orc warlord
 19351 | Orc:2    | Bought a potion of heal wounds for 80 gold pieces
 19428 | Orc:2    | Found Seemibeu's Book Shoppe.
 19500 | Orc:2    | Found a staircase to the Elven Halls.
 19848 | D:12     | Reached skill level 10 in Short Blades
 19848 | D:12     | Reached skill level 10 in Long Blades
 19848 | D:12     | Reached skill level 10 in Axes
 19848 | D:12     | Reached skill level 10 in Maces & Flails
 19848 | D:12     | Reached skill level 10 in Staves
 19848 | D:12     | Reached skill level 10 in Slings
 19848 | D:12     | Reached skill level 10 in Bows
 19848 | D:12     | Reached skill level 10 in Crossbows
 19848 | D:12     | Reached skill level 10 in Throwing
 19848 | D:12     | Reached skill level 10 in Dodging
 19848 | D:12     | Reached skill level 10 in Stealth
 19848 | D:12     | Reached skill level 10 in Unarmed Combat
 19848 | D:12     | Reached skill level 10 in Spellcasting
 19848 | D:12     | Reached skill level 10 in Evocations
 19885 | D:13     | Cast into level 3 of the Abyss (miscasting Summon Forest)
 19993 | Abyss:3  | Found a corrupted altar of Lugonu.
 20236 | D:13     | Escaped the Abyss
 21224 | D:13     | Reached XP level 16. HP: 127/127 MP: 29/33
 21236 | D:13     | Found a gate to the Vaults.
 21703 | D:14     | Found a frozen archway.
 21755 | D:14     | Learned a level 4 spell: Summon Lightning Spire
 22071 | D:15     | Entered Level 15 of the Dungeon
 22321 | D:15     | Found a staircase to the Depths.
 22807 | D:15     | Got a faintly glowing leather armour
 22808 | D:15     | Identified the +3 leather armour "Paskeblu" {rC+ Regen+
                  | Str+4 Stlth+} (You found it on level 15 of the Dungeon)
 22825 | D:15     | Learned a level 5 spell: Summon Mana Viper
 23534 | Spider:1 | Entered Level 1 of the Spider Nest
 23541 | Spider:1 | Learned a level 5 spell: Fireball
 23548 | Spider:1 | Learned a level 6 spell: Deflect Missiles
 24572 | Spider:2 | Reached XP level 17. HP: 135/135 MP: 35/35
 24663 | Spider:2 | Found the +27 Lear's hauberk
 25764 | Shoals:1 | Entered Level 1 of the Shoals
 27034 | Shoals:3 | Noticed a kraken
 27070 | Shoals:3 | Killed a kraken
 27402 | Shoals:3 | Noticed Bai Suzhen
 27417 | Shoals:3 | Killed Bai Suzhen
 27525 | Shoals:3 | Found Rotirit's Retail Resort.
 27533 | Shoals:3 | Bought a +2 amulet of reflection for 90 gold pieces
 28039 | Elf:1    | Entered Level 1 of the Elven Halls
 28071 | Elf:1    | Found a radiant altar of Vehumet.
 28199 | Elf:1    | Reached skill level 10 in Conjurations
 28199 | Elf:1    | Reached skill level 10 in Hexes
 28199 | Elf:1    | Reached skill level 10 in Charms
 28199 | Elf:1    | Reached skill level 10 in Summonings
 28199 | Elf:1    | Reached skill level 10 in Necromancy
 28199 | Elf:1    | Reached skill level 10 in Translocations
 28199 | Elf:1    | Reached skill level 10 in Transmutations
 28199 | Elf:1    | Reached skill level 10 in Fire Magic
 28199 | Elf:1    | Reached skill level 10 in Ice Magic
 28199 | Elf:1    | Reached skill level 10 in Air Magic
 28199 | Elf:1    | Reached skill level 10 in Earth Magic
 28199 | Elf:1    | Reached skill level 10 in Poison Magic
 28279 | Elf:1    | Reached XP level 18. HP: 137/143 MP: 32/37
 28498 | Elf:1    | Found Fynogav's Fabulous Fripperies.
 28922 | Elf:2    | Found Ryarad's Armour Boutique.
 29202 | Elf:2    | Found a runed translucent gate.
 29203 | Elf:2    | Found a runed translucent gate.
 29205 | Elf:2    | Found a runed translucent gate.
 30104 | Spider:4 | Entered Level 4 of the Spider Nest
 30164 | Spider:4 | Noticed Arachne
 30174 | Spider:4 | Killed Arachne
 30191 | Spider:4 | Reached XP level 19. HP: 151/151 MP: 38/38
 31608 | Spider:4 | Got a gossamer rune of Zot
 31943 | Shoals:4 | Entered Level 4 of the Shoals
 32039 | Shoals:4 | Got a barnacled rune of Zot
 32298 | Shoals:4 | Noticed Ilsuiw
 32321 | Shoals:4 | Noticed Kirke
 32323 | Shoals:4 | Killed Ilsuiw
 32335 | Shoals:4 | Killed Kirke
 32631 | Shoals:4 | Found Lodgheown's Jewellery Emporium.
 33266 | Vaults:1 | Entered Level 1 of the Vaults
 33269 | Vaults:1 | Got a scorched helmet
 33270 | Vaults:1 | Identified the +1 helmet of Hairiness {rPois} (You found it
                  | on level 1 of the Vaults)
 33469 | Vaults:1 | Reached XP level 20. HP: 159/159 MP: 36/40
 35349 | Vaults:2 | Found a runed translucent gate.
 35349 | Vaults:2 | Found a runed translucent gate.
 35349 | Vaults:2 | Found a runed translucent gate.
 35349 | Vaults:2 | Identified the +4 scimitar "Zyadd" {antimagic, rPois Str+2}
 35350 | Vaults:2 | Identified the +1 robe of Bad Feelings {rPois rF++ Dex-2
                  | Slay+4}
 35351 | Vaults:2 | Identified the +7 swamp dragon scales of Lolorak {rPois rN+
                  | MR+ Regen+}
 35352 | Vaults:2 | Noticed Nornya's ghost (veteran MfSu)
 35352 | Vaults:2 | Found an iron altar of Okawaru.
 35407 | Vaults:2 | Mangled by an eldritch tentacle

Levels and vault maps discovered:
D:1:      ldierk_walled_garden_2, layout_rooms, minmay_crystal_water
D:2:      layout_rooms, minivault_19
D:3:      minmay_diamond_boxcup, layout_loops_ring, dancing_weapons_uskayaw,
          uniq_jessica
D:4:      layout_rooms, lemuel_zombie_altar_yredelemnul, kennysheep_little_box,
          first_ration
D:5:      layout_loops_ring, overflow_temple_1_default, serial_shops, shop,
          uniq_duvessa
D:6:      layout_rooms, nicolae_dithmenos_shadow_blocks,
          nicolae_overflow_hidden_temple, water_boxes_lemuel
D:7:      layout_basic, minmay_temple_entry_mist, the_bakery
D:8:      layout_rooms, lemuel_crystal_altar, lemuel_crystal_altar, uniq_pikel
D:9:      layout_roguey, nicolae_ru_path_of_blood, kb_rosetta
D:10:     layout_stronghold, uniq_sonja
D:11:     layout_long_grid, erik_lair_orcish_takeover, orc_0_dummy,
          serial_shops, shop, minmay_diced_spiral, uniq_maurice
D:12:     layout_grid_maze, gauntlet_entry_generic, uniq_snorg, uniq_frances
D:13:     layout_small_grid, ximxim_vaults_locker_room, special_room
          [special_room_bee], enter_bailey_6, minmay_another_anthill
D:14:     layout_irregular_city, kennysheep_minor_cross,
          portal_ice_cave_entry_ice_beasts
D:15:     grunt_enter_depths_hoard, layout_basic
Temple:   dshaligram_water_room_temple
Lair:1:   layout_concentric_octagons, minmay_lair_oklob_chamber
Lair:2:   regret_index_bee_streams, layout_loops_ring,
          nicolae_spider_entry_non_spiders, gammafunk_ghost_necromancy,
          grunt_megastairs_2
Lair:3:   layout_gridlike
Lair:4:   layout_cave_shapes, minmay_shoals_entry_beasts,
          infiniplex_staircase_pool_2
Lair:5:   layout_gridlike, minmay_slime_entry_oklob_open, fungi_pond_lemuel,
          serial_bayou_crossing
Lair:6:   minmay_lair_end_frog_pond, layout_gridlike, grunt_forest_stairs_basic,
          chequers_serial_rivers_room_b, small_statue_intersection
Shoals:1: layout_shoals
Shoals:2: layout_shoals, nicolae_shoals_arrival_archipelago
Shoals:3: layout_shoals, nicolae_alphabet_shops, nicolae_shoals_loop_pool,
          uniq_bai_suzhen
Shoals:4: shoals_end_grunt_garden, layout_shoals, shoal_ilsuiw, serial_shops,
          shop, uniq_kirke
Spider:1: nicolae_spider_hall_of_the_moth_king
Spider:2: layout_spider_delve, nicolae_orb_island
Spider:3: layout_spider_delve
Spider:4: spider_rune_water, guppyfry_hornet_nest, uniq_arachne
Orc:1:    layout_caves, serial_shops, nicolae_shop_behind_doors,
          nicolae_shop_stone, shop, shop, shop, nicolae_orc_lava_tube
Orc:2:    grunt_orc_gardens, layout_caves, grunt_orc_garden, grunt_orc_garden,
          grunt_orc_garden, grunt_orc_garden, mines3_lemuel, uniq_nessos
Elf:1:    eino_elf_arrival_altar, layout_gridlike, minivault_28,
          nicolae_alphabet_shops
Elf:2:    layout_rooms, serial_shops, shop
Vaults:1: hangedman_vaults_nails, v_misc_28, v_alt_pattern_2, v_misc_18,
          nicolae_vaults_shelves_hall, nicolae_vaults_ring_of_whatevers,
          vaults_room_grid, hangedman_vaults_stretched_pinwheel,
          vaults_dpeg_ring, layout_vaults_omnigrid
Vaults:2: gammafunk_vaults_ghost_fury_of_okawaru, v_misc_15, v_alt_pattern_2,
          grunt_vaults_swirl, v_misc_13, ontoclasm_vaults_ring_square,
          ontoclasm_vaults_ring_small, special_room_vaults [special_room_orc],
          layout_vaults_chaotic_city

Skill      XL: |  1  2  3  4  5  6  7  8  9 10 11 12 13 14 15 16 17 18 19 20 |
---------------+-------------------------------------------------------------+-----
Invocations    | 1 2 3 4 5 6 7 8 9 10 11 12 13 14 | 14.3
Short Blades   | 1 2 3 4 5 6 7 8 9 10 11 12 13 | 13.3
Long Blades    | 1 2 3 4 5 6 7 8 9 10 11 12 13 | 13.3
Axes           | 1 2 3 4 5 6 7 8 9 10 11 12 13 | 13.3
Maces & Flails | 1 2 3 4 5 6 7 8 9 10 11 12 13 | 13.3
Staves         | 1 2 3 4 5 6 7 8 9 10 11 12 13 | 13.3
Slings         | 1 2 3 4 5 6 7 8 9 10 11 12 13 | 13.3
Bows           | 1 2 3 4 5 6 7 8 9 10 11 12 13 | 13.3
Crossbows      | 1 2 3 4 5 6 7 8 9 10 11 12 13 | 13.3
Throwing       | 1 2 3 4 5 6 7 8 9 10 11 12 13 | 13.3
Dodging        | 1 2 3 4 5 6 7 8 9 10 11 12 13 | 13.3
Stealth        | 1 2 3 4 5 6 7 8 9 10 11 12 13 | 13.3
Unarmed Combat | 1 2 3 4 5 6 7 8 9 10 11 12 13 | 13.3
Spellcasting   | 1 2 3 4 5 6 7 8 9 10 11 12 13 | 13.3
Evocations     | 1 2 3 4 5 6 7 8 9 10 11 12 13 | 13.3
Conjurations   | 1 2 3 4 5 6 7 8 9 10 11 | 11.4
Hexes          | 1 2 3 4 5 6 7 8 9 10 11 | 11.4
Charms         | 1 2 3 4 5 6 7 8 9 10 11 | 11.4
Summonings     | 1 2 3 4 5 6 7 8 9 10 11 | 11.4
Necromancy     | 1 2 3 4 5 6 7 8 9 10 11 | 11.4
Translocations | 1 2 3 4 5 6 7 8 9 10 11 | 11.4
Transmutations | 1 2 3 4 5 6 7 8 9 10 11 | 11.4
Fire Magic     | 1 2 3 4 5 6 7 8 9 10 11 | 11.4
Ice Magic      | 1 2 3 4 5 6 7 8 9 10 11 | 11.4
Air Magic      | 1 2 3 4 5 6 7 8 9 10 11 | 11.4
Earth Magic    | 1 2 3 4 5 6 7 8 9 10 11 | 11.4
Poison Magic   | 1 2 3 4 5 6 7 8 9 10 11 | 11.4
Polearms       | 5 6 7 8 9 10 11 12 13 | 13.9
Fighting       | 7 8 9 10 11 12 13 14 | 14.5
Armour         | 7 8 9 10 11 12 13 14 | 14.5
Shields        | 7 8 9 10 11 12 13 14 | 14.5

Action                   |  1- 3 |  4- 6 |  7- 9 | 10-12 | 13-15 | 16-18 | 19-21 || total
-------------------------+-------+-------+-------+-------+-------+-------+-------++-------
Melee: Trident           |   115 |   206 |   128 |       |       |    34 |   792 ||  1275
       Bite              |     4 |    22 |    78 |   204 |   266 |   267 |   142 ||   983
       Unarmed           |       |       |     1 |       |       |       |     6 ||     7
       Spear             |       |       |   443 |   565 |  1233 |  1470 |       ||  3711
       Dagger            |       |       |    45 |   295 |     2 |       |       ||   342
       Falchion          |       |       |       |    80 |       |       |       ||    80
       Whip              |       |       |       |     4 |       |       |       ||     4
Throw: Javelin           |       |       |       |     8 |     3 |     5 |       ||    16
       Throwing net      |       |       |       |       |     2 |       |       ||     2
 Cast: Conjure Flame     |       |       |       |       |     3 |       |       ||     3
       Apportation       |       |       |       |       |     3 |       |     1 ||     4
       Summon Forest     |       |       |       |       |    11 |    36 |    22 ||    69
       Summon Lightning  |       |       |       |       |       |    29 |    20 ||    49
       Deflect Missiles  |       |       |       |       |       |     5 |     3 ||     8
       Fireball          |       |       |       |       |       |       |     8 ||     8
Invok: Slouch            |       |       |       |       |     4 |       |       ||     4
       Step From Time    |       |       |       |       |     1 |       |       ||     1
Evoke: Wand              |       |       |     1 |    25 |    22 |     3 |     6 ||    57
       Lightning rod     |       |       |       |       |     3 |       |       ||     3
  Use: Scroll            |     4 |     3 |     8 |    10 |    11 |    16 |     9 ||    61
       Potion            |       |       |    13 |     6 |    11 |     6 |     4 ||    40
 Stab: Sleeping          |       |       |       |     2 |     3 |    49 |    16 ||    70
       Distracted        |       |       |       |     2 |     8 |    28 |    21 ||    59
       Held in net/web   |       |       |       |       |       |     3 |       ||     3
       Paralysed         |       |       |       |       |       |     3 |       ||     3
  Eat: Chunk             |       |     4 |    11 |    11 |     9 |    14 |     3 ||    52
       Ration            |       |       |     1 |     1 |     3 |     3 |     3 ||    11
Armor: Scale mail        |    42 |    28 |       |       |       |       |       ||    70
       Chain mail        |       |    73 |   142 |   110 |       |       |       ||   325
       Skin              |       |       |     4 |       |       |       |       ||     4
       Ring mail         |       |       |    10 |    68 |       |       |       ||    78
       Plate armour      |       |       |       |    61 |   286 |    47 |       ||   394
       Leather armour    |       |       |       |       |       |   173 |    70 ||   243
Dodge: Dodged            |    41 |    74 |   165 |   350 |   474 |   748 |   431 ||  2283
       Deflected         |       |       |       |       |       |    33 |    34 ||    67
Block: Shield            |    53 |   128 |   351 |   710 |   816 |   997 |   651 ||  3706
       Reflection        |       |       |       |       |       |    88 |    82 ||   170
       Rpst.: Falchion   |       |       |       |     7 |       |       |       ||     7
